 Dungeon Crawl Stone Soup version 0.30.0-16-gbe6223bb7e (webtiles) character file.

Game seed: 15888890029437333252

44 monsoonserge the Ducker (level 3, -6/24 HPs)
             Began as a Merfolk Air Elementalist on May 21, 2023.
             Mangled by a gnoll
             ... wielding a +0 flail
              (11 damage)
             ... on level 3 of the Dungeon.
             The game lasted 00:05:15 (2359 turns).

monsoonserge the Ducker (Merfolk Air Elementalist)  Turns: 2359, Time: 00:05:15

Health: -6/24      AC:  6    Str:  8    XL:     3   Next: 60%
Magic:  0/6        EV: 12    Int: 16    God:
Gold:   106        SH:  0    Dex: 14    Spells: 3/6 levels left

rFire   . . .        p - +0 long sword
rCold   + . .        (no shield)
rNeg    . . .        m - +0 leather armour
rPois   +            g - +2 helmet
rElec   .            (no cloak)
rCorr   .            (no gloves)
SInv    .            (no boots)
Will    .....        (no amulet)
Stlth   ++           c - ring of poison resistance
HPRegen 0.24/turn    l - ring of protection from cold
MPRegen 0.10/turn

%: no passive effects
@: very slightly contaminated
A: (nimble swimmer 2), mertail
a: no special abilities


You were on level 3 of the Dungeon.
You visited 1 branch of the dungeon, and saw 3 of its levels.

You collected 106 gold pieces.

Inventory:

Hand Weapons
 h - a +0 dagger
 p - a +0 long sword (weapon)
 r - a +0 hand axe of freezing
Missiles
 i - 18 stones
 t - 6 poisoned darts
Armour
 g - a +2 helmet (worn)
 m - a +0 leather armour (worn)
Jewellery
 a - a ring of flight
 c - a ring of poison resistance (left hand)
 k - a ring of ice
 l - a ring of protection from cold (right hand)
Wands
 o - a wand of roots (7)
Scrolls
 d - 3 scrolls of fog {unknown}
 f - 2 scrolls of fear {unknown}
 s - a scroll of noise {unknown}
 v - a scroll of magic mapping {unknown}
 w - 3 scrolls of identify {unknown}
 x - a scroll of amnesia {unknown}
Potions
 b - a potion of magic
 e - 2 potions of heal wounds {unknown}
 j - 4 potions of curing {unknown}
 n - a potion of cancellation {unknown}
 q - a potion of invisibility {unknown}
 u - a potion of might {unknown}
 z - a potion of flight {unknown}


   Skills:
 + Level 0.1(0.5) Short Blades
 + Level 0.9(1.0) Long Blades
 * Level 0.3 Armour
 + Level 3.1 Dodging
 + Level 2.6 Stealth
 + Level 2.2 Spellcasting
 + Level 1.1 Conjurations
 + Level 2.8 Air Magic


You had 3 spell levels left.
You knew the following spells:

 Your Spells              Type           Power      Damage    Failure   Level
a - Shock                 Conj/Air       32%        1d5       13%         1
b - Static Discharge      Conj/Air       16%        2-3/arc   19%         2

Your spell library contained the following spells:

 Spells                   Type           Power      Damage    Failure   Level
 Swiftness                Air            10%        N/A       26%         3
 Airstrike                Air            5%         2d(1-17)  65%         4


Dungeon Overview and Level Annotations

Branches:
Dungeon (3/15)

Altars:


Innate Abilities, Weirdness & Mutations

((You are very nimble when in or above water. (Stealth+, EV+, Speed+++)))
Your lower body shifts to a powerful aquatic tail in water.


Message History

There is a stone staircase leading up here.
Found a stone staircase leading up.
x - a scroll labelled WIKKUF VEOMEYME
z - a fizzy puce potion A rat comes into view.
w - 3 scrolls labelled YTEMOM EWISUYQ (gained 1)
There are no items here.
A gnoll comes into view. It is wielding a +1 spear of flaming.
Found a stone staircase leading down.
A gnoll comes into view. It is wielding a +0 flail.
The gnoll shouts!
You hear a shout!
The gnoll shouts!
A gnoll comes into view. It is wielding a +0 spear.
The rat closely misses you.
You hit the rat.
You kill the rat!
The gnoll barely misses you. x2
The gnoll hits you with a +0 flail.
Casting: Shock (safe; 13% risk of failure)
Confirm with . or Enter, or press ? or * to list all spells.
The gnoll is struck by an arc of lightning.
The gnoll is moderately wounded.
The gnoll is struck by an arc of lightning.
The gnoll is moderately wounded.
The lightning grounds out.
The gnoll barely misses you. The gnoll misses you.
Casting: Static Discharge (safe; 19% risk of failure)
Confirm with . or Enter, or press ? or * to list all spells.
The gnoll is struck by an arc of lightning.
The gnoll is severely wounded.
The gnoll is struck by an arc of lightning.
The gnoll is severely wounded.
The lightning grounds out.
The gnoll hits you from afar with a +0 spear!
The gnoll hits you with a +0 flail!
* * * LOW HITPOINT WARNING * * *
Casting: Static Discharge (safe; 19% risk of failure)
Confirm with . or Enter, or press ? or * to list all spells.
You miscast Static Discharge.
You are very lightly contaminated with residual magic.
Nothing appears to happen.
The gnoll hits you with a +0 flail!
You die...

.#. .... ..# ..# ...#
#.#.######... #.#
...#...
.########.####.#g###..##
..............@.gg.>...
#............###W.####
#............# ##
#............#
####<..........##
........####...<#
........# ####....W..#
........# ..#.#####
........# #......


You could see a phantom and 3 gnolls.

Vanquished Creatures
  An adder (D:2)
  2 dart slugs (D:2)
  An endoplasm (D:2)
  3 goblins
  8 hobgoblins
  2 quokkas
  2 ball pythons (D:1)
  A frilled lizard (D:1)
  5 kobolds
  3 rats
28 creatures vanquished.

Notes
Turn   | Place    | Note
-------+----------+-------------------------------------------
     0 | D:1      | monsoonserge the Merfolk Air Elementalist began the quest
                  | for the Orb.
     0 | D:1      | Reached XP level 1. HP: 13/13 MP: 3/3
   364 | D:1      | Reached XP level 2. HP: 19/19 MP: 0/5
   645 | D:1      | Learned a level 2 spell: Static Discharge
   837 | D:1      | Reached skill level 3 in Dodging
  1154 | D:2      | Reached skill level 1 in Conjurations
  1550 | D:2      | Reached XP level 3. HP: 23/24 MP: 0/6
  2282 | D:3      | Noticed a phantom
  2359 | D:3      | Mangled by a gnoll

Illustrated notes

Levels and vault maps discovered:
D:1:      minmay_arrival_semitransparent, layout_loops_ring
D:2:      minmay_wonky_spiral, layout_basic
D:3:      layout_basic, serial_shops, shop, uniq_terence

Skill      XL: |  1  2 |
---------------+-------+-----
Dodging        | 3 |  3.1
Conjurations   | 1 |  1.1
Short Blades   | |  0.1
Long Blades    | |  0.9
Armour         | |  0.3
Stealth        | |  2.6
Spellcasting   | |  2.2
Air Magic      | |  2.8

Action                     || total
---------------------------++-------
  Melee: Dagger            ||    19
         Long sword        ||    37
   Cast: Shock             ||    36
         Static Discharge  ||     2
   Stab: Sleeping          ||     1
 Armour: Robe              ||     5
         Leather armour    ||    15
  Dodge: Dodged            ||    48
